 Dungeon Crawl Stone Soup version 0.22.1-1-ga44c0e5 (webtiles) character file.

0 shamaniam the Magician (level 1, -2/13 HPs)
             Began as a Gnoll Wizard on Nov 7, 2018.
             Slain by a hobgoblin
             ... wielding a +0 club
              (3 damage)
             ... on level 1 of the Dungeon.
             The game lasted 00:00:59 (34 turns).

shamaniam the Magician (Gnoll Wizard)                 Turns: 34, Time: 00:01:00

Health: -2/13      AC:  2    Str:  9    XL:     1   Next: 10%
Magic:  2/8        EV: 14    Int: 20    God:
Gold:   32         SH:  0    Dex: 13    Spells: 13/14 levels left

rFire    . . .     SeeInvis .   (no weapon)
rCold    . . .     Gourm    .   (no shield)
rNeg     . . .     Faith    .   a - +0 robe
rPois    .         Spirit   .   b - +0 hat
rElec    .         Reflect  .   (no cloak)
rCorr    .         Harm     .   (no gloves)
MR       .....                  (no boots)
Stlth    ++........             (no amulet)
HPRegen  0.04/turn              (no ring)
MPRegen  0.11/turn              (no ring)

@: very slightly contaminated
A: distributed training, fangs 1, strong nose
a: no special abilities


You were on level 1 of the Dungeon.
You were not hungry.

You visited 1 branch of the dungeon, and saw 1 of its levels.

You collected 32 gold pieces.

Inventory:

Armour
 a - a +0 robe (worn)
 b - a +0 hat (worn)
Comestibles
 d - a ration


   Skills:
 + Level 0.0 Fighting
 + Level 0.0 Short Blades
 + Level 0.0 Long Blades
 + Level 0.0 Axes
 + Level 0.0 Maces & Flails
 + Level 0.0 Polearms
 + Level 0.0 Staves
 + Level 0.0 Slings
 + Level 0.0 Bows
 + Level 0.0 Crossbows
 + Level 0.0 Throwing
 + Level 0.0 Armour
 + Level 4.4 Dodging
 + Level 4.0 Stealth
 + Level 0.0 Shields
 + Level 0.0 Unarmed Combat
 + Level 7.0 Spellcasting
 + Level 1.9 Conjurations
 + Level 0.0 Hexes
 + Level 0.0 Charms
 + Level 1.9 Summonings
 + Level 0.0 Necromancy
 + Level 1.9 Translocations
 + Level 0.0 Transmutations
 + Level 0.0 Fire Magic
 + Level 0.0 Ice Magic
 + Level 0.0 Air Magic
 + Level 0.0 Earth Magic
 + Level 0.0 Poison Magic
 + Level 0.0 Invocations
 + Level 0.0 Evocations


You had 13 spell levels left.
You knew the following spells:

 Your Spells              Type           Power        Failure   Level  Hunger
a - Magic Dart            Conj           ##..         4%          1    None

Your spell library contained the following spells:

 Spells                   Type           Power        Failure   Level  Hunger
 Blink                    Tloc           N/A          6%          2    None
 Call Imp                 Summ           ##......     6%          2    None
 Slow                     Hex            #.......     14%         2    None
 Conjure Flame            Conj/Fire      ##......     19%         3    #......
 Mephitic Cloud           Conj/Pois/Air  #.......     22%         3    #......


Dungeon Overview and Level Annotations

Branches:
Dungeon (1/15)

Altars:


Innate Abilities, Weirdness & Mutations

Your experience applies equally to all skills.
You have very sharp teeth.
Your uncanny sense of smell can sniff out nearby items.


Message History

Aiming: Magic Dart (safe; 4% risk of failure)
Press: ? - help, Shift-Dir - straight line, f/p - hobgoblin
Aim: a hobgoblin, wielding a club (moderately wounded)
You miscast Magic Dart.
You are very lightly contaminated with residual magic.
Your hair stands on end.
The bat misses you. The bat barely misses you.
You barely miss the hobgoblin. Your bite misses the hobgoblin.
The hobgoblin is moderately wounded.
The bat closely misses you. The hobgoblin hits you with a club.
The hobgoblin hits you with a club!
Ouch! That really hurt!
* * * LOW HITPOINT WARNING * * *
You hit the hobgoblin but do no damage. Your bite misses the hobgoblin.
The hobgoblin is moderately wounded.
The bat completely misses you. The hobgoblin misses you.
You closely miss the hobgoblin.
The hobgoblin is moderately wounded.
The bat barely misses you. The bat closely misses you.
The hobgoblin hits you with a club.
You die...

####(## ####.....#
####........#
............#
............#
.........(..#
............#
...†%..g@...#########
.......gb.......[...#
.................##.#
.....#......#######'#
............#≈.≈≈≈.≈#
.....#.#....#P....≈≈#
.....#.#..#.#≈≈≈.≈..#
.... #....#.#.P≈.≈≈.#
##...#.#≈P≈.PP.#


You could see 2 hobgoblins and a bat.

Vanquished Creatures
  A frilled lizard (D:1)
1 creature vanquished.

Notes
Turn   | Place    | Note
-------+----------+-------------------------------------------
     0 | D:1      | shamaniam the Gnoll Wizard began the quest for the Orb.
     0 | D:1      | Reached XP level 1. HP: 13/13 MP: 8/8
    34 | D:1      | Slain by a hobgoblin

Action                   || total
-------------------------++-------
Melee: Unarmed           ||     3
 Cast: Magic Dart        ||     5
Armor: Robe              ||     1
Dodge: Dodged            ||     7
